 Dungeon Sprint DCSS version 0.29.1-12-g30fa7ad0bf (webtiles) character file.

Game seed: 9485507984883476160

2880 xzight the Blocker (level 9, -13/78 HPs)
             Began as a Gnoll Warper on Dec 29, 2022.
             Was the Champion of Cheibriados.
             Killed by the air
             ... invoked by a wind drake
              (16 damage)
             ... in the Dungeon (Sprint V: "Ziggurat Sprint").
             The game lasted 00:05:26 (543 turns).

xzight the Blocker (Gnoll Warper)                    Turns: 543, Time: 00:05:26

Health: -13/78     AC: 21    Str: 37      XL:     9   Next: 76%
Magic:  17/22      EV: 12    Int: 32      God:    Cheibriados [******]
Gold:   0          SH: 17    Dex: 25 (27) Spells: 25/27 levels left

rFire   + + .      SeeInvis .   y - +5 demon trident
rCold   + + .      Faith    .   z - +3 kite shield
rNeg    . . .      Spirit   .   B - +5 gold dragon scales
rPois   +          Reflect  .   (no helmet)
rElec   .          Harm     .   a - scarf {rC+ rF+}
rCorr   .          Rampage  .   (no gloves)
Will    .....      NoTele   +   (no boots)
Stlth   ..........              (no amulet)
HPRegen 0.23/turn               s - +6 ring of strength
MPRegen 0.18/turn               S - +6 ring of strength

@: studying Shields, very slow
A: fangs 1, strong nose, distributed training
a: Renounce Religion, Bend Time, Temporal Distortion, Slouch, Step From Time


You were in the Dungeon.
You worshipped Cheibriados.
Cheibriados was exalted by your worship.
You visited 1 branch


Innate Abilities, Weirdness & Mutations

You have very sharp teeth.
Your uncanny sense of smell can sniff out nearby items.
Your experience applies equally to all skills.


   Skills:
 + Level 9.6 Fighting
 + Level 8.4 Short Blades
 + Level 8.4 Long Blades
 + Level 8.4 Axes
 + Level 8.4 Maces & Flails
 + Level 9.6 Polearms
 + Level 8.4 Staves
 + Level 8.4 Ranged Weapons
 + Level 8.9 Throwing
 + Level 8.9 Armour
 + Level 9.6 Dodging
 + Level 8.4 Stealth
 + Level 10.4 Shields
 + Level 8.4 Unarmed Combat
 + Level 9.9 Spellcasting
 + Level 7.0 Conjurations
 + Level 7.0 Hexes
 + Level 7.0 Summonings
 + Level 7.0 Necromancy
 + Level 9.0 Translocations
 + Level 7.0 Transmutations
 + Level 7.0 Fire Magic
 + Level 7.0 Ice Magic
 + Level 7.0 Air Magic
 + Level 7.0 Earth Magic
 + Level 7.0 Poison Magic
 + Level 9.2 Invocations
 + Level 8.4 Evocations


You had 25 spell levels left.
You knew the following spells:

 Your Spells              Type           Power      Damage    Failure   Level
a - Blink                 Tloc           100%       N/A       3%          2

Your spell library contained the following spells:

 Spells                   Type           Power      Damage    Failure   Level
 Gell's Gravitas          Tloc           65%        N/A       8%          3
 Lesser Beckoning         Tloc           65%        N/A       8%          3
 Teleport Other           Tloc           65%        N/A       8%          3
 Sublimation of Blood     Necr           57%        N/A       9%          2
 Wereblood                Tmut           57%        N/A       9%          2
 Animate Dead             Necr           57%        N/A       50%         4
 Petrify                  Tmut/Erth      57%        N/A       50%         4
 Manifold Assault         Tloc           65%        N/A       56%         5
 Freezing Cloud           Conj/Ice/Air   28%        6-21      85%         5
 Irradiate                Conj/Tmut      28%        3d21      85%         5
 Simulacrum               Ice/Necr       28%        N/A       100%        6
 Haunt                    Necr/Summ      28%        N/A       100%        7
 Summon Hydra             Summ           28%        N/A       100%        7
 Infestation              Necr           28%        N/A       100%        8
 Polar Vortex             Ice            28%        N/A       100%        9

Inventory:

Hand Weapons
 m - a +3 eveningstar of holy wrath
 y - a +5 demon trident (weapon)
Missiles
 u - 7 boomerangs of dispersal (quivered) {=f}
Armour
 a - a scarf of resistance (worn)
 z - a +3 kite shield (worn)
 A - a +5 crystal plate armour
 B - +5 gold dragon scales (worn)
 C - a +3 tower shield
Jewellery
 d - a +6 ring of dexterity
 g - an amulet of guardian spirit
 i - a +6 ring of intelligence
 s - a +6 ring of strength (left hand)
 D - a +6 ring of dexterity
 F - a ring of protection from fire
 I - a +6 ring of intelligence
 L - a ring of flight
 N - a ring of positive energy
 S - a +6 ring of strength (right hand)
 Z - a ring of wizardry
Wands
 v - a wand of mindburst (7)
Scrolls
 c - 5 scrolls of blinking
 o - 4 scrolls of amnesia
 p - 7 scrolls of fog
 q - 5 scrolls of identify {@r1}
 r - 2 scrolls of fear
Potions
 e - 10 potions of curing {@q1}
 f - 7 potions of heal wounds {@q2}
 h - 7 potions of magic
 j - 2 potions of brilliance
 k - 2 potions of invisibility
 l - 4 potions of resistance
 n - 5 potions of might
 t - 3 potions of berserk rage {!q}
Miscellaneous
 b - a phantom mirror (inert)
 x - a lightning rod (3/4)

Dungeon Overview and Level Annotations

Branches:
Dungeon (1/1)

Altars:
Ashenzari
Cheibriados
Dithmenos
Elyvilon
Fedhas
Gozag
Hepliaklqana
Kikubaaqudgha
Makhleb
Nemelex Xobeh
Okawaru
Qazlal
Ru
Sif Muna
Trog
Uskayaw
Vehumet
Wu Jian
Xom
Yredelemnul
Zin
The Shining One
Jiyva
Lugonu

Annotations:
D 1 transporter ∆∆∆ █.......█ █.......█ █.......█ █.......█ █.......█ █.......█ █...©...█ █████████

█..8©8@.█
∆∆∆∆
█..:}:..█
∆∆∆
█..|)E..█
█.Ek.E..█
█.§.....█
█k.k....█
█.......█
█.......█
█...©...█


You could see 3 wind drakes and 3 air elementals.


Message History

You feel much better.
You block the air elemental's attack. x2
The air elemental fires a burst of electricity at you.
The stunning burst hits you!
You suddenly lose the ability to move!
* * * LOW HITPOINT WARNING * * *
The air elemental hits you.
* * * LOW HITPOINT WARNING * * *
The air elemental fires a burst of electricity at you.
The stunning burst hits you but does no damage.
The air elemental fires a burst of electricity at you.
The stunning burst hits you.
* * * LOW HITPOINT WARNING * * *
The air elemental hits you.
* * * LOW HITPOINT WARNING * * *
The air elemental fires a burst of electricity at you.
The stunning burst hits you.
* * * LOW HITPOINT WARNING * * *
The wind drake bites you but does no damage.
You can move again.
Casting: Blink (safe; 3% risk of failure)
Confirm with . or Enter, or press ? or * to list all spells.
You blink.
The air elemental fires a burst of electricity at you.
The stunning burst hits you but does no damage.
You shrug off the repeated paralysis!
The wind drake flaps its wings at you. The air twists around and strikes you.
* * * LOW HITPOINT WARNING * * *
The wind drake flaps its wings at you. The air twists around and strikes you!
You die...

Skill      XL: |  1  2  3  4  5  6  7  8  9 |
---------------+----------------------------+-----
Fighting       | 5 6 7 8 9 |  9.6
Short Blades   | 2 4 5 6 8 |  8.4
Long Blades    | 2 4 5 6 8 |  8.4
Axes           | 2 4 5 6 8 |  8.4
Maces & Flails | 2 4 5 6 8 |  8.4
Polearms       | 5 6 7 8 9 |  9.6
Staves         | 2 4 5 6 8 |  8.4
Ranged Weapons | 2 4 5 6 8 |  8.4
Throwing       | 3 4 5 6 7 8 |  8.9
Armour         | 3 4 5 6 7 8 |  8.9
Dodging        | 5 6 7 8 9 |  9.6
Stealth        | 2 4 5 6 8 |  8.4
Shields        | 2 4 5 7 10 | 10.4
Unarmed Combat | 2 4 5 6 8 |  8.4
Spellcasting   | 5 6 7 8 9 |  9.9
Conjurations   | 2 3 4 5 6 7 |  7.0
Hexes          | 2 3 4 5 6 7 |  7.0
Summonings     | 2 3 4 5 6 7 |  7.0
Necromancy     | 2 3 4 5 6 7 |  7.0
Transmutations | 2 3 4 5 6 7 |  7.0
Fire Magic     | 2 3 4 5 6 7 |  7.0
Ice Magic      | 2 3 4 5 6 7 |  7.0
Air Magic      | 2 3 4 5 6 7 |  7.0
Earth Magic    | 2 3 4 5 6 7 |  7.0
Poison Magic   | 2 3 4 5 6 7 |  7.0
Invocations    | 2 4 5 6 7 9 |  9.2
Evocations     | 2 4 5 6 8 |  8.4
Translocations | 6 7 8 9 |  9.0

Action                   |  1- 3 |  4- 6 |  7- 9 || total
-------------------------+-------+-------+-------++-------
Melee: Demon trident     |     4 |    11 |    21 ||    36
       Bite              |       |     2 |     6 ||     8
 Cast: Blink             |       |       |     3 ||     3
Evoke: Lightning rod     |     2 |     2 |     4 ||     8
       Wand              |       |     1 |     6 ||     7
       Phantom mirror    |       |       |     3 ||     3
  Use: Potion            |     1 |       |     3 ||     4
Armor: Gold dragon scale |     1 |     8 |    35 ||    44
Dodge: Dodged            |       |     7 |    39 ||    46
Block: Kite shield       |     3 |    12 |    47 ||    62

Levels and vault maps discovered:
D:        sprint_v [room_start, room_1, room_2, room_3, room_4, room_5, room_6,
          room_7, room_8, room_9, room_10, room_11, room_12, room_13, room_14,
          room_15, room_16, room_17, room_18, room_19, room_20, room_21,
          room_22, room_23, room_24, room_25, room_26, room_27]

Notes
Turn   | Place    | Note
-------+----------+-------------------------------------------
     0 | D        | xzight the Gnoll Warper began the quest for the Orb.
     0 | D        | Reached XP level 1. HP: 20/20 MP: 6/6
     0 | D        | Found a shimmering blue altar of Sif Muna.
     0 | D        | Found a sacrificial altar of Ru.
     0 | D        | Found a bloodstained altar of Trog.
     0 | D        | Found a stormy altar of Qazlal.
     0 | D        | Found an iron altar of Okawaru.
     0 | D        | Found a sparkling altar of Nemelex Xobeh.
     0 | D        | Found a blossoming altar of Fedhas.
     0 | D        | Found the +6 Majin-Bo {vamp, MP+6 Int+6}
     0 | D        | Found the +9 heavy crossbow "Sniper" {vorpal, Acc+∞ SInv}
     0 | D        | Found the +10 dark maul {vorpal}
     0 | D        | Found the +15 Maxwell's patent armour {-Cast -Tele rElec
                  | Will+ rCorr}
     0 | D        | Found the +18 shield of the Gong {rElec rN+ Will+ EV-5}
     0 | D        | Found the +14 obsidian axe {vorpal, Mesm Drain Fly SInv}
     0 | D        | Found the +7 great mace "Firestarter" {inner flame, rF++}
     0 | D        | Found the +6 shillelagh "Devastator" {shatter}
     0 | D        | Found the +11 plutonium sword {Contam Stlth-}
     0 | D        | Found the +8 lance "Wyrmbane" {slay drac, rPois rF+ rC+
                  | AC+3}
     0 | D        | Found the +9 sword of Zonguldrok {reap}
     0 | D        | Found the +13 scythe of Curses {drain, Drain}
     0 | D        | Found the +5 sword of Power {vorpal}
     0 | D        | Found the +7 mace of Variability {chain chaos}
     0 | D        | Found the +7 Singing Sword {vorpal, sonic wave}
     0 | D        | Found the +8 storm bow {elec, penet}
     2 | D        | Found a transporter.
     2 | D        | Found an ancient bone altar of Kikubaaqudgha.
     2 | D        | Found a viscous altar of Jiyva.
     2 | D        | Found a corrupted altar of Lugonu.
     2 | D        | Found a hazy altar of Hepliaklqana.
     2 | D        | Found a burning altar of Makhleb.
     2 | D        | Found an opulent altar of Gozag.
    61 | D        | Became a worshipper of Cheibriados the Contemplative
    64 | D        | Reached skill level 5 in Fighting
    64 | D        | Reached skill level 2 in Short Blades
    64 | D        | Reached skill level 2 in Long Blades
    64 | D        | Reached skill level 2 in Axes
    64 | D        | Reached skill level 2 in Maces & Flails
    64 | D        | Reached skill level 5 in Polearms
    64 | D        | Reached skill level 2 in Staves
    64 | D        | Reached skill level 2 in Ranged Weapons
    64 | D        | Reached skill level 3 in Throwing
    64 | D        | Reached skill level 3 in Armour
    64 | D        | Reached skill level 5 in Dodging
    64 | D        | Reached skill level 2 in Stealth
    64 | D        | Reached skill level 2 in Shields
    64 | D        | Reached skill level 2 in Unarmed Combat
    64 | D        | Reached skill level 5 in Spellcasting
    64 | D        | Reached skill level 2 in Conjurations
    64 | D        | Reached skill level 2 in Hexes
    64 | D        | Reached skill level 2 in Summonings
    64 | D        | Reached skill level 2 in Necromancy
    64 | D        | Reached skill level 2 in Transmutations
    64 | D        | Reached skill level 2 in Fire Magic
    64 | D        | Reached skill level 2 in Ice Magic
    64 | D        | Reached skill level 2 in Air Magic
    64 | D        | Reached skill level 2 in Earth Magic
    64 | D        | Reached skill level 2 in Poison Magic
    64 | D        | Reached skill level 2 in Invocations
    64 | D        | Reached skill level 2 in Evocations
    64 | D        | Reached XP level 2. HP: 27/27 MP: 6/8
   102 | D        | Entered arena 2.
   102 | D        | Found a transporter.
   106 | D        | Reached * piety under Cheibriados
   114 | D        | Entered arena 3.
   114 | D        | Noticed a water moccasin
   114 | D        | Found a transporter.
   115 | D        | Reached ** piety under Cheibriados
   116 | D        | Reached skill level 3 in Invocations
   116 | D        | Killed a water moccasin
   116 | D        | Reached *** piety under Cheibriados
   117 | D        | Reached skill level 6 in Fighting
   117 | D        | Reached skill level 4 in Short Blades
   117 | D        | Reached skill level 4 in Long Blades
   117 | D        | Reached skill level 4 in Axes
   117 | D        | Reached skill level 4 in Maces & Flails
   117 | D        | Reached skill level 6 in Polearms
   117 | D        | Reached skill level 4 in Staves
   117 | D        | Reached skill level 4 in Ranged Weapons
   117 | D        | Reached skill level 4 in Throwing
   117 | D        | Reached skill level 4 in Armour
   117 | D        | Reached skill level 6 in Dodging
   117 | D        | Reached skill level 4 in Stealth
   117 | D        | Reached skill level 4 in Shields
   117 | D        | Reached skill level 4 in Unarmed Combat
   117 | D        | Reached skill level 6 in Spellcasting
   117 | D        | Reached skill level 3 in Conjurations
   117 | D        | Reached skill level 3 in Hexes
   117 | D        | Reached skill level 3 in Summonings
   117 | D        | Reached skill level 3 in Necromancy
   117 | D        | Reached skill level 6 in Translocations
   117 | D        | Reached skill level 3 in Transmutations
   117 | D        | Reached skill level 3 in Fire Magic
   117 | D        | Reached skill level 3 in Ice Magic
   117 | D        | Reached skill level 3 in Air Magic
   117 | D        | Reached skill level 3 in Earth Magic
   117 | D        | Reached skill level 3 in Poison Magic
   117 | D        | Reached skill level 4 in Invocations
   117 | D        | Reached skill level 4 in Evocations
   117 | D        | Reached XP level 3. HP: 34/34 MP: 8/10
   117 | D        | Reached XP level 4. HP: 40/40 MP: 9/12
   117 | D        | Reached XP level 5. HP: 46/46 MP: 9/13
   160 | D        | Learned a level 2 spell: Blink
   166 | D        | Identified a scarf of resistance (You found it in the
                  | Dungeon)
   167 | D        | Entered arena 4.
   167 | D        | Noticed a yak
   167 | D        | Found a transporter.
   169 | D        | Reached **** piety under Cheibriados
   173 | D        | Killed a yak
   174 | D        | Reached skill level 5 in Throwing
   174 | D        | Reached skill level 5 in Armour
   174 | D        | Reached skill level 7 in Spellcasting
   174 | D        | Reached skill level 4 in Conjurations
   174 | D        | Reached skill level 4 in Hexes
   174 | D        | Reached skill level 4 in Summonings
   174 | D        | Reached skill level 4 in Necromancy
   174 | D        | Reached skill level 4 in Transmutations
   174 | D        | Reached skill level 4 in Fire Magic
   174 | D        | Reached skill level 4 in Ice Magic
   174 | D        | Reached skill level 4 in Air Magic
   174 | D        | Reached skill level 4 in Earth Magic
   174 | D        | Reached skill level 4 in Poison Magic
   174 | D        | Reached skill level 5 in Invocations
   174 | D        | Reached XP level 6. HP: 43/53 MP: 14/16
   237 | D        | Entered arena 5.
   237 | D        | Found a transporter.
   240 | D        | Reached ***** piety under Cheibriados
   241 | D        | Reached skill level 7 in Fighting
   241 | D        | Reached skill level 5 in Short Blades
   241 | D        | Reached skill level 5 in Long Blades
   241 | D        | Reached skill level 5 in Axes
   241 | D        | Reached skill level 5 in Maces & Flails
   241 | D        | Reached skill level 7 in Polearms
   241 | D        | Reached skill level 5 in Staves
   241 | D        | Reached skill level 5 in Ranged Weapons
   241 | D        | Reached skill level 7 in Dodging
   241 | D        | Reached skill level 5 in Stealth
   241 | D        | Reached skill level 5 in Shields
   241 | D        | Reached skill level 5 in Unarmed Combat
   241 | D        | Reached skill level 7 in Translocations
   241 | D        | Reached skill level 5 in Evocations
   247 | D        | Reached skill level 6 in Throwing
   247 | D        | Reached skill level 6 in Armour
   247 | D        | Reached skill level 6 in Invocations
   247 | D        | Reached XP level 7. HP: 60/60 MP: 18/18
   261 | D        | Entered arena 6.
   261 | D        | Noticed a slime creature
   261 | D        | Found a transporter.
   264 | D        | Reached ****** piety under Cheibriados
   265 | D        | Reached skill level 6 in Short Blades
   265 | D        | Reached skill level 6 in Long Blades
   265 | D        | Reached skill level 6 in Axes
   265 | D        | Reached skill level 6 in Maces & Flails
   265 | D        | Reached skill level 6 in Staves
   265 | D        | Reached skill level 6 in Ranged Weapons
   265 | D        | Reached skill level 6 in Stealth
   265 | D        | Reached skill level 6 in Shields
   265 | D        | Reached skill level 6 in Unarmed Combat
   265 | D        | Reached skill level 5 in Conjurations
   265 | D        | Reached skill level 5 in Hexes
   265 | D        | Reached skill level 5 in Summonings
   265 | D        | Reached skill level 5 in Necromancy
   265 | D        | Reached skill level 5 in Transmutations
   265 | D        | Reached skill level 5 in Fire Magic
   265 | D        | Reached skill level 5 in Ice Magic
   265 | D        | Reached skill level 5 in Air Magic
   265 | D        | Reached skill level 5 in Earth Magic
   265 | D        | Reached skill level 5 in Poison Magic
   265 | D        | Reached skill level 6 in Evocations
   272 | D        | Killed a slime creature
   273 | D        | Reached skill level 8 in Fighting
   273 | D        | Reached skill level 8 in Polearms
   273 | D        | Reached skill level 7 in Throwing
   273 | D        | Reached skill level 7 in Armour
   273 | D        | Reached skill level 8 in Dodging
   273 | D        | Reached skill level 7 in Shields
   273 | D        | Reached skill level 8 in Spellcasting
   273 | D        | Reached skill level 7 in Invocations
   273 | D        | Reached XP level 8. HP: 65/68 MP: 20/20
   298 | D        | Entered arena 7.
   298 | D        | Noticed a large abomination
   298 | D        | Noticed a flayed ghost
   298 | D        | Noticed a lich
   303 | D        | Killed a flayed ghost
   304 | D        | Reached skill level 7 in Short Blades
   304 | D        | Reached skill level 7 in Long Blades
   304 | D        | Reached skill level 7 in Axes
   304 | D        | Reached skill level 7 in Maces & Flails
   304 | D        | Reached skill level 7 in Staves
   304 | D        | Reached skill level 7 in Ranged Weapons
   304 | D        | Reached skill level 7 in Stealth
   304 | D        | Reached skill level 8 in Shields
   304 | D        | Reached skill level 7 in Unarmed Combat
   304 | D        | Reached skill level 8 in Translocations
   304 | D        | Reached skill level 7 in Evocations
   305 | D        | Killed a lich
   306 | D        | Reached skill level 9 in Fighting
   306 | D        | Reached skill level 8 in Short Blades
   306 | D        | Reached skill level 8 in Long Blades
   306 | D        | Reached skill level 8 in Axes
   306 | D        | Reached skill level 8 in Maces & Flails
   306 | D        | Reached skill level 9 in Polearms
   306 | D        | Reached skill level 8 in Staves
   306 | D        | Reached skill level 8 in Ranged Weapons
   306 | D        | Reached skill level 8 in Throwing
   306 | D        | Reached skill level 8 in Armour
   306 | D        | Reached skill level 9 in Dodging
   306 | D        | Reached skill level 8 in Stealth
   306 | D        | Reached skill level 10 in Shields
   306 | D        | Reached skill level 8 in Unarmed Combat
   306 | D        | Reached skill level 9 in Spellcasting
   306 | D        | Reached skill level 6 in Conjurations
   306 | D        | Reached skill level 6 in Hexes
   306 | D        | Reached skill level 6 in Summonings
   306 | D        | Reached skill level 6 in Necromancy
   306 | D        | Reached skill level 6 in Transmutations
   306 | D        | Reached skill level 6 in Fire Magic
   306 | D        | Reached skill level 6 in Ice Magic
   306 | D        | Reached skill level 6 in Air Magic
   306 | D        | Reached skill level 6 in Earth Magic
   306 | D        | Reached skill level 6 in Poison Magic
   306 | D        | Reached skill level 9 in Invocations
   306 | D        | Reached skill level 8 in Evocations
   306 | D        | Reached XP level 9. HP: 13/77 MP: 20/22
   309 | D        | Reached skill level 7 in Conjurations
   309 | D        | Reached skill level 7 in Hexes
   309 | D        | Reached skill level 7 in Summonings
   309 | D        | Reached skill level 7 in Necromancy
   309 | D        | Reached skill level 9 in Translocations
   309 | D        | Reached skill level 7 in Transmutations
   309 | D        | Reached skill level 7 in Fire Magic
   309 | D        | Reached skill level 7 in Ice Magic
   309 | D        | Reached skill level 7 in Air Magic
   309 | D        | Reached skill level 7 in Earth Magic
   309 | D        | Reached skill level 7 in Poison Magic
   316 | D        | Found a transporter.
   534 | D        | Entered arena 8.
   534 | D        | Noticed a wind drake
   534 | D        | Noticed a wind drake
   534 | D        | Noticed a wind drake
   535 | D        | Paralysed by an air elemental for 1 turns
   539 | D        | Found a transporter.
   539 | D        | Paralysed by an air elemental for 1 turns
   541 | D        | HP: 7/78 [air elemental (10)]
   542 | D        | Paralysed by an air elemental for 1 turns
   543 | D        | HP: 3/78 [wind drake/the air (5)]
   543 | D        | Killed from afar by a wind drake

Vanquished Creatures
  A lich (D)
  A flayed ghost (D)
  A slime creature (D)
  A large abomination (D)
  A yak (D)
  A water moccasin (D)
  A floating eye (D)
  2 phantoms (D)
  A necrophage (D)
  2 quasits (D)
  2 jellies (D)
  2 adders (D)
  2 river rats (D)
  An ufetubus (D)
  An adder skeleton (D)
  An adder zombie (D)
  An endoplasm (D)
  A jackal (D)
  A ball python skeleton (D)
24 creatures vanquished.

Table legend: (Time is in decaauts)
 A = Elapsed time spent in this place.
 B = Non-inter-level travel time spent in this place.
 C = Inter-level travel time spent in this place.
 D = Time resting spent in this place.
 E = Time spent auto-exploring this place.
 F = Levels seen in this place.
 G = Mean time per level.
                   A        B        C        D        E       F      G
               +--------+--------+--------+--------+--------+-----+--------+
         Total |    600 |    600 |      0 |    195 |    153 |   1 |  600.0 |
       Dungeon |    600 |    600 |      0 |    195 |    153 |   1 |  600.0 |
               +--------+--------+--------+--------+--------+-----+--------+

Top non-repeatable levels by time:
       D: 600 daAuts

Table legend:
 A = Non-vault XP
 B = Vault XP
 C = Vault XP percentage of total XP
 D = Non-vault monster count
 E = Vault monster count
 F = Vault count percentage of total count
                 A         B        C        D         E       F
            +---------+---------+-------+---------+---------+-------
      Total |       0 |    4105 | 100.0 |       0 |      24 | 100.0
            +---------+---------+-------+---------+---------+-------
          D |       0 |    4105 | 100.0 |       0 |      24 | 100.0
            +---------+---------+-------+---------+---------+-------
